 Dungeon Crawl Stone Soup version 0.30-a0-165-g1891117ce2 (webtiles) character file.

Game seed: 8657588730501841458

83 dave1331 the Trooper (level 4, -9/41 HPs)
             Began as a Hill Orc Fighter on Sept 29, 2022.
             Killed from afar by an orc wizard (12 damage)
             ... with a puff of flame
             ... on level 3 of the Dungeon.
             The game lasted 00:13:23 (992 turns).

dave1331 the Trooper (Hill Orc Fighter)              Turns: 992, Time: 00:13:23

Health: -9/41      AC:  7    Str: 20    XL:     4   Next: 44%
Magic:  4/4        EV:  6    Int:  8    God:
Gold:   26         SH:  0    Dex: 10    Spells: 3/3 levels left

rFire   . . .      SeeInvis .    a - +0 trident
rCold   . . .      Faith    .    l - orb {*Rage}
rNeg    . . .      Spirit   .    b - +0 scale mail
rPois   .          Reflect  .    (no helmet)
rElec   .          Harm     .    (no cloak)
rCorr   .          Rampage  .    (no gloves)
Will    .....      Rage     20%  (no boots)
Stlth   ..........               (no amulet)
HPRegen 0.13/turn                (no ring)
MPRegen 0.09/turn                (no ring)

@: mighty, constricted
A: no striking features
a: no special abilities


You were on level 3 of the Dungeon.
You visited 1 branch of the dungeon, and saw 3 of its levels.

You collected 26 gold pieces.

Inventory:

Hand Weapons
 a - a +0 trident (weapon)
 e - a +0 short sword
Missiles
 j - a throwing net (quivered)
Armour
 b - a +0 scale mail (worn)
 c - a +0 buckler
 l - an orb of wrath (worn)
Scrolls
 i - a scroll of noise {unknown}
 k - a scroll of amnesia {unknown}
 m - 2 scrolls of vulnerability {unknown}
Potions
 d - a potion of might
 g - a potion of brilliance {unknown}
 h - a potion of degeneration {unknown}


   Skills:
 + Level 4.3 Fighting
 + Level 3.1 Polearms
 + Level 4.0 Armour
 + Level 4.0 Shields


You had 3 spell levels left.
You didn't know any spells.
Your spell library contained the following spells:

 Spells                   Type           Power      Damage    Failure   Level
 Foxfire                  Conj/Fire      0%         2x1d4     77%         1
 Fireball                 Conj/Fire      0%         3d3       100%        5
 Starburst                Conj/Fire      0%         6d3       100%        6


Dungeon Overview and Level Annotations

Branches:
Dungeon (3/15)

Altars:


Message History

The orc priest invokes the aid of Beogh against you.
Pain shoots through your body!
* * * LOW HITPOINT WARNING * * *
You puncture the orc priest!
You kill the orc priest!
You hear some strange, mumbled words.
Something tries to affect you, but you resist.
Your Polearms skill increases to level 3!
Your Armour skill increases to level 4!
Your Shields skill increases to level 4!
You have reached level 4!
Something hits you but does no damage.
Items here: )) [[ †.
You closely miss something. Something hits you.
* * * LOW HITPOINT WARNING * * *
Something hits you but does no damage.
There is a stone staircase leading up here.
You hear some strange, mumbled words.
Something tries to affect you, but you resist.
You recover from your berserk rage.
You hear some strange, mumbled words.
Something tries to affect you, but you resist.
A puff of flame appears from out of thin air!
The puff of flame misses you.
A ball python comes into view.
The ball python hisses angrily.
A kobold comes into view.
It is wielding a +0 whip and quivering poisoned darts.
Something tries to affect you, but you resist.
The kobold shouts!
You feel very mighty all of a sudden.
A magic dart appears from out of thin air!
The magic dart hits you!
* * * LOW HITPOINT WARNING * * *
The ball python barely misses you. The ball python grabs you.
The ball python constricts you.
* * * LOW HITPOINT WARNING * * *
You barely miss the ball python.
A puff of flame appears from out of thin air!
The puff of flame hits you!
You die...

##########
#.@...{..#
#.....KS#####.#
#.####..# #.#
#..# #.# ....
#<# .#... #)#
###... #.#
#.... #.#
.oo.....#


You could see a ball python and a kobold.

Vanquished Creatures
  An orc priest (D:3)
  An orc wizard (D:3)
  An adder (D:2)
  A worm (D:2)
  An endoplasm (D:2)
  A giant cockroach (D:1)
  A goblin (D:1)
  3 hobgoblins
  4 kobolds
  A quokka (D:1)
  A frilled lizard (D:2)
  3 rats (D:1)
19 creatures vanquished.

Notes
Turn   | Place    | Note
-------+----------+-------------------------------------------
     0 | D:1      | dave1331 the Hill Orc Fighter began the quest for the Orb.
     0 | D:1      | Reached XP level 1. HP: 19/19 MP: 1/1
   416 | D:1      | Reached XP level 2. HP: 27/27 MP: 2/2
   729 | D:2      | Found a faded altar of an unknown god.
   947 | D:2      | Reached XP level 3. HP: 33/33 MP: 3/3
   978 | D:3      | Reached XP level 4. HP: 11/41 MP: 4/4
   991 | D:3      | HP: 2/41 [constriction (1)]
   992 | D:3      | Killed from afar by an orc wizard

Illustrated notes

Levels and vault maps discovered:
D:1:      lightli_arrival_boilingwater, layout_basic
D:2:      layout_rooms, hellmonk_ecumenical_altar_pennies_from_heaven
D:3:      layout_loops_corners, hangedman_decor_points,
          wad_floor_pattern_untrapped, uniq_sigmund, uniq_terence, uniq_robin

Skill      XL: |  1  2  3 |
---------------+----------+-----
Fighting       | 4 |  4.3
Polearms       | 3 |  3.1
Armour         | 4 |  4.0
Shields        | 4 |  4.0

Action                   |  1- 3 |  4- 6 || total
-------------------------+-------+-------++-------
Melee: Short sword       |    52 |       ||    52
       Trident           |    32 |     2 ||    34
  Use: Scroll            |     1 |       ||     1
       Potion            |       |     1 ||     1
Armor: Scale mail        |    37 |     2 ||    39
Dodge: Dodged            |    31 |     2 ||    33
Block: Buckler           |    11 |       ||    11

Table legend: (Time is in decaauts)
 A = Elapsed time spent in this place.
 B = Non-inter-level travel time spent in this place.
 C = Inter-level travel time spent in this place.
 D = Time resting spent in this place.
 E = Time spent auto-exploring this place.
 F = Levels seen in this place.
 G = Mean time per level.
                   A        B        C        D        E       F      G
               +--------+--------+--------+--------+--------+-----+--------+
         Total |   1022 |    247 |    775 |      0 |      0 |   3 |  340.7 |
       Dungeon |   1022 |    247 |    775 |      0 |      0 |   3 |  340.7 |
               +--------+--------+--------+--------+--------+-----+--------+

Top non-repeatable levels by time:
     D:1: 625 daAuts
     D:2: 353 daAuts
     D:3: 43 daAuts
